MLB
TAMPA BAY RAYS @ CHICAGO WHITE SOX
06/25/2098
 
TOP OF THE 1ST
Tampa Bay Rays batting - Pitching for Chicago White Sox : RHP Jim Tant
Pitching: RHP Jim Tant
Batting: SHB Jorge Ramos 0-0: Called Strike
0-1: Swinging Strike
0-2: Ball
1-2: Strikes out looking
Batting: LHB Ray Behm 0-0: Ball
1-0: Ball
2-0: Foul Ball, location: 7LMF
2-1: Ball
3-1: Foul Ball, location: 5F
3-2: Strikes out swinging
Batting: RHB Matt Collier 0-0: Ball
1-0: Ball
2-0: Foul Ball, location: 2F
2-1: Swinging Strike
2-2: SINGLE (Groundball, 34D, EV 108.1 MPH)
Batting: RHB Kevin Schulz 0-0: Ball
1-0: Ball
Matt Collier is caught stealing 2nd base 2-4
Top of the 1st over - 0 runs, 1 hit, 0 errors, 0 left on base; Tampa Bay 0 - Chicago 0
BOTTOM OF THE 1ST
Chicago White Sox batting - Pitching for Tampa Bay Rays : LHP Mike Dougherty
Pitching: LHP Mike Dougherty
Batting: RHB Luis Marquina 0-0: Foul Ball, location: 9LDF
0-1: Ball
1-1: Called Strike
1-2: Strikes out looking
Batting: RHB John Kofoid 0-0: Ball
1-0: Foul Ball, location: 9LSF
1-1: Ball
2-1: Foul Ball, location: 2F
2-2: Reached on error, E4 (Groundball, 4, EV 87.5 MPH)
Batting: LHB Dan Roos 0-0: Ball
1-0: Foul Ball, location: 3F
1-1: Ground out 4-3 (Groundball, 4, EV 92.5 MPH)
John Kofoid to third
Batting: RHB Travis De Angelis 0-0: Ball
1-0: SINGLE (Groundball, 6MD, EV 105.6 MPH)
John Kofoid scores
Batting: RHB Chris Hodges 0-0: Fly out, F8 (Flyball, 8RD, EV 103.8 MPH)
Bottom of the 1st over - 1 run, 1 hit, 1 error, 1 left on base; Tampa Bay 0 - Chicago 1
TOP OF THE 2ND
Tampa Bay Rays batting - Pitching for Chicago White Sox : RHP Jim Tant
Batting: RHB Kevin Schulz 0-0: Foul Ball, location: 9LSF
0-1: Called Strike
0-2: Foul Ball, location: 2LF
0-2: Fly out, F8 (Line Drive, 8LS, EV 92.5 MPH)
Batting: RHB Cesar Escamilla 0-0: Called Strike
0-1: Ball
1-1: Called Strike
1-2: Ball
2-2: Ball
3-2: Base on Balls
Batting: RHB Dave Quintero 0-0: Ball
1-0: Ball
2-0: Ball
3-0: Called Strike
3-1: Base on Balls
Cesar Escamilla to second
Batting: RHB Allen Castellanos 0-0: Called Strike
0-1: Ball
1-1: Fly out, F9 (Flyball, 9D, EV 99.4 MPH)
Runner from 2nd tags up, SAFE at 3rd, no throw by RF
Batting: SHB Willie Torres 0-0: Ball
1-0: Swinging Strike
1-1: Foul Ball, location: 2F
1-2: Strikes out swinging
Top of the 2nd over - 0 runs, 0 hits, 0 errors, 2 left on base; Tampa Bay 0 - Chicago 1
BOTTOM OF THE 2ND
Chicago White Sox batting - Pitching for Tampa Bay Rays : LHP Mike Dougherty
Batting: RHB Cory Gilmore 0-0: Ground out 6-3 (Groundball, 6, EV 94.4 MPH)
Batting: RHB Vinny Figueroa 0-0: Ball
1-0: Foul Ball, location: 2F
1-1: Called Strike
1-2: Ball
2-2: SINGLE (Groundball, 6D, EV 97.5 MPH)
Batting: LHB Tim Eaton 0-0: Ball
1-0: Foul Ball, location: 5FF
1-1: Ball
2-1: Grounds into double play, 4-6-3 (Groundball, 4, EV 87.5 MPH)
Bottom of the 2nd over - 0 runs, 1 hit, 0 errors, 0 left on base; Tampa Bay 0 - Chicago 1
TOP OF THE 3RD
Tampa Bay Rays batting - Pitching for Chicago White Sox : RHP Jim Tant
Batting: SHB Ryan Takach 0-0: Swinging Strike
0-1: Ball
1-1: Swinging Strike
1-2: Strikes out swinging
Batting: SHB Jorge Ramos 0-0: Ball
1-0: Ball
2-0: Ball
3-0: Base on Balls
Batting: LHB Ray Behm 0-0: Called Strike
0-1: Ball
1-1: SINGLE (Groundball, 34D, EV 95.0 MPH)
Jorge Ramos to second
Runner from 2nd tries for 3rd, SAFE, no throw by RF
Batting: RHB Matt Collier 0-0: Called Strike
0-1: Ball
1-1: Called Strike
1-2: Ball
2-2: Strikes out looking
Ray Behm steals 2nd base
Batter strikes out.
Batting: RHB Kevin Schulz 0-0: Ball
1-0: Called Strike
1-1: Fly out, F3 (Popup, 3L, EV 60.0 MPH)
Top of the 3rd over - 0 runs, 1 hit, 0 errors, 2 left on base; Tampa Bay 0 - Chicago 1
BOTTOM OF THE 3RD
Chicago White Sox batting - Pitching for Tampa Bay Rays : LHP Mike Dougherty
Batting: LHB Tyler Fauver 0-0: Called Strike
0-1: Ball
1-1: Ball
2-1: Ball
3-1: Fly out, F9 (Flyball, 89M, EV 86.3 MPH)
Batting: RHB Luis Marquina 0-0: Ball
1-0: Called Strike
1-1: Ball
2-1: Foul Ball, location: 9LMF
2-2: Ground out 5-3 (Groundball, 56, EV 100.0 MPH)
Batting: RHB John Kofoid 0-0: Ball
1-0: Called Strike
1-1: Ball
2-1: Foul Ball, location: 5F
2-2: Foul Ball, location: 3F
2-2: Foul Ball, location: 2F
2-2: Strikes out swinging
Bottom of the 3rd over - 0 runs, 0 hits, 0 errors, 0 left on base; Tampa Bay 0 - Chicago 1
TOP OF THE 4TH
Tampa Bay Rays batting - Pitching for Chicago White Sox : RHP Jim Tant
Batting: RHB Cesar Escamilla 0-0: Ball
1-0: Ball
2-0: Foul Ball, location: 23F
2-1: Swinging Strike
2-2: Ball
3-2: Base on Balls
Batting: RHB Dave Quintero 0-0: Called Strike
0-1: Sac Bunt to 5S - play at first, batter OUT! 5-3
Cesar Escamilla to second
Batting: RHB Allen Castellanos 0-0: Foul Ball, location: 3FF
0-1: Ball
1-1: Ball
2-1: Ball
3-1: Swinging Strike
3-2: Ground out 3-1 (Groundball, 34, EV 86.3 MPH)
Cesar Escamilla to third
Batting: SHB Willie Torres 0-0: Ball
1-0: Called Strike
1-1: Ball
2-1: Ball
3-1: Swinging Strike
3-2: Ground out 6-3 (Groundball, 6, EV 82.5 MPH)
Top of the 4th over - 0 runs, 0 hits, 0 errors, 1 left on base; Tampa Bay 0 - Chicago 1
BOTTOM OF THE 4TH
Chicago White Sox batting - Pitching for Tampa Bay Rays : LHP Mike Dougherty
Batting: LHB Dan Roos 0-0: Ball
1-0: Ball
2-0: Foul Ball, location: 3DF
2-1: Fly out, F8 (Flyball, 8LM, EV 86.3 MPH)
Batting: RHB Travis De Angelis 0-0: Called Strike
0-1: Ball
1-1: Ball
2-1: Ball
3-1: SINGLE (Groundball, 4MD, EV 103.1 MPH)
Batting: RHB Chris Hodges 0-0: Ball
1-0: SINGLE (Line Drive, 34D, EV 101.3 MPH)
Travis De Angelis to second
Batting: RHB Cory Gilmore 0-0: Called Strike
0-1: Fly out, F9 (Flyball, 89D, EV 90.0 MPH)
Batting: RHB Vinny Figueroa 0-0: Ball
1-0: Called Strike
1-1: Foul Ball, location: 5F
1-2: Strikes out swinging
Bottom of the 4th over - 0 runs, 2 hits, 0 errors, 2 left on base; Tampa Bay 0 - Chicago 1
TOP OF THE 5TH
Tampa Bay Rays batting - Pitching for Chicago White Sox : RHP Jim Tant
Batting: SHB Ryan Takach 0-0: SINGLE (Flyball, 89S, EV 90.0 MPH)
Batting: SHB Jorge Ramos 0-0: Foul Ball, location: 3FF
0-1: Ball
1-1: Swinging Strike
1-2: Foul Ball, location: 2F
1-2: Strikes out swinging
Batting: LHB Ray Behm 0-0: Called Strike
0-1: Swinging Strike
0-2: Foul Ball, location: 2F
0-2: Ball
1-2: Strikes out swinging
Pitching: LHP Victor Molina
Batting: RHB Matt Collier 0-0: Ball
1-0: Called Strike
1-1: Foul Ball, location: 5F
1-2: Ball
2-2: Ball
3-2: Base on Balls
Ryan Takach to second
Batting: RHB Kevin Schulz 0-0: Ball
1-0: Called Strike
1-1: Fly out, F6 (Popup, 6, EV 59.4 MPH)
Top of the 5th over - 0 runs, 1 hit, 0 errors, 2 left on base; Tampa Bay 0 - Chicago 1
BOTTOM OF THE 5TH
Chicago White Sox batting - Pitching for Tampa Bay Rays : LHP Mike Dougherty
Batting: LHB Tim Eaton 0-0: Called Strike
0-1: SOLO HOME RUN (Flyball, 9D, EV 99.4 MPH), Distance : 403 ft
Batting: LHB Tyler Fauver 0-0: Ball
1-0: Ground out 3-1 (Groundball, 34, EV 93.1 MPH)
Batting: RHB Luis Marquina 0-0: Ball
1-0: Foul Ball, location: 9LMF
1-1: Ball
2-1: Foul Ball, location: 9LSFF
2-2: Fly out, F3 (Popup, 3SF, EV 73.8 MPH)
Batting: RHB John Kofoid 0-0: Called Strike
0-1: Foul Ball, location: 2F
0-2: Ball
1-2: Ball
2-2: Ball
3-2: Ground out 5-3 (Groundball, 56S, EV 71.3 MPH)
Bottom of the 5th over - 1 run, 1 hit, 0 errors, 0 left on base; Tampa Bay 0 - Chicago 2
TOP OF THE 6TH
Tampa Bay Rays batting - Pitching for Chicago White Sox : LHP Victor Molina
Batting: RHB Cesar Escamilla 0-0: Called Strike
0-1: Called Strike
0-2: Foul Ball, location: 2F
0-2: Ball
1-2: Strikes out looking
Batting: RHB Dave Quintero 0-0: Ball
1-0: Called Strike
1-1: Foul Ball, location: 7LSF
1-2: SOLO HOME RUN (Flyball, 9LD, EV 91.3 MPH), Distance : 345 ft
Batting: RHB Allen Castellanos 0-0: Ball
1-0: Foul Ball, location: 2F
1-1: Called Strike
1-2: Fly out, F7 (Flyball, 78M, EV 91.9 MPH)
Batting: SHB Willie Torres 0-0: Fly out, F3 (Popup, 23F, EV 89.4 MPH)
Top of the 6th over - 1 run, 1 hit, 0 errors, 0 left on base; Tampa Bay 1 - Chicago 2
BOTTOM OF THE 6TH
Chicago White Sox batting - Pitching for Tampa Bay Rays : LHP Mike Dougherty
Batting: LHB Dan Roos 0-0: Called Strike
0-1: Called Strike
0-2: Foul Ball, location: 9LSF
0-2: Hit by Pitch
Batting: RHB Travis De Angelis 0-0: Ball
1-0: Foul Ball, location: 2F
1-1: 2-RUN HOME RUN (Flyball, 7D, EV 96.3 MPH), Distance : 373 ft
Batting: RHB Chris Hodges 0-0: Called Strike
0-1: Fly out, F8 (Flyball, 8RM, EV 85.6 MPH)
Batting: RHB Cory Gilmore 0-0: Ball
1-0: Foul Ball, location: 2F
1-1: Ball
2-1: Ball
3-1: Base on Balls
Batting: RHB Vinny Figueroa 0-0: Ball
1-0: Grounds into double play, 5-4-3 (Groundball, 5, EV 81.9 MPH)
Bottom of the 6th over - 2 runs, 1 hit, 0 errors, 0 left on base; Tampa Bay 1 - Chicago 4
TOP OF THE 7TH
Tampa Bay Rays batting - Pitching for Chicago White Sox : LHP Victor Molina
Pitching: RHP Ricky Maldonado
Batting: SHB Ryan Takach 0-0: Ball
1-0: Ball
2-0: Ball
3-0: Called Strike
3-1: Swinging Strike
3-2: Strikes out swinging
Batting: SHB Jorge Ramos 0-0: Swinging Strike
0-1: Ball
1-1: Ball
2-1: SINGLE (Groundball, 34S, EV 72.5 MPH) (infield hit)
Batting: LHB Ray Behm 0-0: Ball
Jorge Ramos steals 2nd base
1-0: 2-RUN HOME RUN (Flyball, 9D, EV 95.0 MPH), Distance : 370 ft
Pinch Hitting: LHB Jose Alcantar 0-0: Ground out 4-3 (Groundball, 4, EV 85.6 MPH)
Batting: RHB Kevin Schulz 0-0: Ball
1-0: Foul Ball, location: 9LSF
1-1: Swinging Strike
1-2: Strikes out swinging
Top of the 7th over - 2 runs, 2 hits, 0 errors, 0 left on base; Tampa Bay 3 - Chicago 4
BOTTOM OF THE 7TH
Chicago White Sox batting - Pitching for Tampa Bay Rays : LHP Mike Dougherty
Now at 2B: Dave Taylor
Now at SS: Ryan Takach
Batting: LHB Tim Eaton 0-0: Called Strike
0-1: Called Strike
0-2: Ball
1-2: SINGLE (Line Drive, 5D, EV 96.3 MPH)
Pitching: RHP Ron Stein
Batting: LHB Tyler Fauver 0-0: Ball
Wild Pitch!
Tim Eaton to second
1-0: Ball
2-0: Called Strike
2-1: Foul Ball, location: 2F
2-2: Ball
3-2: Ground out 6-3 (Groundball, 6, EV 110.6 MPH)
Batting: RHB Luis Marquina 0-0: Intentional Walk
Batting: RHB John Kofoid 0-0: Foul Ball, location: 9LDF
0-1: Called Strike
0-2: Ball
1-2: Fly out, F9 (Flyball, 9D, EV 85.6 MPH)
Batting: LHB Dan Roos 0-0: Called Strike
0-1: Ball
1-1: Ball
2-1: Swinging Strike
2-2: Ground out 1-3 (Groundball, 13S, EV 70.0 MPH)
Bottom of the 7th over - 0 runs, 1 hit, 0 errors, 2 left on base; Tampa Bay 3 - Chicago 4
TOP OF THE 8TH
Tampa Bay Rays batting - Pitching for Chicago White Sox : RHP Ricky Maldonado
Pitching: RHP Matthew Emerson
Batting: RHB Cesar Escamilla 0-0: Ball
1-0: Ball
2-0: Called Strike
2-1: SINGLE (Groundball, 56D, EV 97.5 MPH)
Pinch Hitting: LHB George Elkins 0-0: Ball
1-0: Called Strike
1-1: Foul Ball, location: 2F
1-2: Fly out, F8 (Flyball, 8LD, EV 108.1 MPH)
Batting: RHB Allen Castellanos 0-0: Foul Ball, location: 2F
0-1: Fly out, F8 (Flyball, 8LD, EV 85.0 MPH)
Batting: SHB Willie Torres 0-0: Foul Ball, location: 3FF
0-1: Ball
1-1: Swinging Strike
1-2: Ball
2-2: Strikes out swinging
Top of the 8th over - 0 runs, 1 hit, 0 errors, 1 left on base; Tampa Bay 3 - Chicago 4
BOTTOM OF THE 8TH
Chicago White Sox batting - Pitching for Tampa Bay Rays : RHP Ron Stein
Now in LF: George Elkins
Batting: RHB Travis De Angelis 0-0: Called Strike
0-1: Ball
1-1: Fly out, F8 (Flyball, 8LM, EV 90.0 MPH)
Batting: RHB Chris Hodges 0-0: Ground out 6-3 (Groundball, 6, EV 106.3 MPH)
Batting: RHB Cory Gilmore 0-0: Ball
1-0: Swinging Strike
1-1: Swinging Strike
1-2: Ball
2-2: Ball
3-2: Strikes out swinging
Bottom of the 8th over - 0 runs, 0 hits, 0 errors, 0 left on base; Tampa Bay 3 - Chicago 4
TOP OF THE 9TH
Tampa Bay Rays batting - Pitching for Chicago White Sox : RHP Matthew Emerson
Now at 3B: Jose Delgado
Batting: SHB Ryan Takach 0-0: Ball
1-0: Ball
2-0: Called Strike
2-1: Swinging Strike
2-2: Ball
3-2: Base on Balls
Pitching: RHP Keith Dragisic
Batting: SHB Jorge Ramos 0-0: Ball
1-0: Grounds out, U3 (Groundball, 3L, EV 105.0 MPH)
Batting: LHB Ray Behm 0-0: Called Strike
0-1: Foul Ball, location: 3DF
0-2: Ball
1-2: Fly out, F3 (Popup, 3SF, EV 73.1 MPH)
Batting: RHB Dave Taylor 0-0: Ball
1-0: Ball
2-0: Foul Ball, location: 9LDF
2-1: Ball
3-1: Fly out, F7 (Flyball, 7LD, EV 90.6 MPH)
Top of the 9th over - 0 runs, 0 hits, 0 errors, 1 left on base; Tampa Bay 3 - Chicago 4
Monday, April 8th , 2024 - OOTP Baseball 24.11 Build 85